 Dungeon Crawl Stone Soup version 0.25-a0-102-gbfa96ce22d (webtiles) character file.

Game seed: 16509264281468538445, levelgen mode: deterministic

74 vurker the Magician (level 4, -1/32 HPs)
             Began as a Mummy Fire Elementalist on Nov 15, 2019.
             Slain by Robin
             ... wielding a +0 spear
              (4 damage)
             ... on level 2 of the Dungeon.
             The game lasted 00:02:10 (1852 turns).

vurker the Magician (Mummy Fire Elementalist)       Turns: 1852, Time: 00:02:10

Health: -1/32      AC:  2    Str: 11    XL:     4   Next: 9%
Magic:  1/9        EV: 12    Int: 15    God:
Gold:   51         SH:  0    Dex: 12    Spells: 9/10 levels left

rFire    x . .     SeeInvis .   d - +0 dagger
rCold    + . .     Gourm    .   (no shield)
rNeg     + + +     Faith    .   a - +0 robe
rPois    ∞         Spirit   .   (no helmet)
rElec    .         Reflect  .   (no cloak)
rCorr    .         Harm     .   (no gloves)
MR       .....                  (no boots)
Stlth    ++........             (no amulet)
HPRegen  0.10/turn              (no ring)
MPRegen  0.11/turn              (no ring)

@: very slightly contaminated
A: no food or potions, fire vulnerability, cold resistance 1, negative energy
resistance 3, torment resistance, unbreathing
a: no special abilities


You were on level 2 of the Dungeon.
You were not hungry.

You visited 1 branch of the dungeon, and saw 2 of its levels.

You collected 51 gold pieces.

Inventory:

Hand Weapons
 d - a +0 dagger (weapon)
   (You took it off a goblin on level 1 of the Dungeon)
Armour
 a - a +0 robe (worn)
Scrolls
 b - a scroll of fog {unknown}
 c - a scroll of teleportation {unknown}
 e - a scroll of identify {unknown}
 f - a scroll of noise {unknown}
 g - a scroll of enchant armour {unknown}


   Skills:
 + Level 1.0 Fighting
 - Level 1.5 Dodging
 - Level 1.5 Stealth
 * Level 3.6 Spellcasting
 * Level 1.8 Conjurations
 * Level 3.0 Fire Magic


You had 9 spell levels left.
You knew the following spells:

 Your Spells              Type           Power        Failure   Level  Hunger
a - Flame Tongue          Conj/Fire      ##...        7%          1    N/A

Your spell library contained the following spells:

 Spells                   Type           Power        Failure   Level  Hunger
 Throw Flame              Conj/Fire      ##....       11%         2    N/A
 Conjure Flame            Conj/Fire      ##......     21%         3    N/A
 Inner Flame              Hex/Fire       #.......     30%         3    N/A
 Sticky Flame             Conj/Fire      ##......     56%         4    N/A
 Fireball                 Conj/Fire      ##........   88%         5    N/A

Dungeon Overview and Level Annotations

Branches:
Dungeon (2/15)

Altars:

Annotations:
D:2 Robin


Innate Abilities, Weirdness & Mutations

You do not eat or drink.
Your flesh is vulnerable to fire.
You are immune to poison.
Your flesh is cold resistant. (rC+)
You are immune to negative energy. (rN+++)
You are immune to unholy pain and torment.
You can survive without breathing.


Message History

The flame tongue hits the goblin!
You kill the goblin!
The goblin throws a stone.
The stone barely misses you.
Aim: a hobgoblin, wielding a +0 club The flame tongue hits the hobgoblin.
You kill the hobgoblin!
Aim: a goblin The flame tongue misses the goblin.
You hear a shout!
The goblin throws a stone.
The stone closely misses you.
Aim: a goblin The flame tongue hits the goblin!
You kill the goblin!
Robin of the Strong Arm comes into view.
They are wielding a +0 spear.
Aim: Robin, wielding a +0 spear, wearing a +0 animal skin and wearing a +0 helmet (hasn't noticed you)
The flame tongue hits Robin!
Robin shouts!
Aim: Robin, wielding a +0 spear, wearing a +0 animal skin and wearing a +0 helmet (severely wounded)
You miscast Flame Tongue.
You are very lightly contaminated with residual magic.
Nothing appears to happen.
Robin hits you from afar with a +0 spear.
You don't have enough magic to cast that spell.
Robin hits you with a +0 spear.
You closely miss Robin. Robin hits you with a +0 spear.
You hit Robin but do no damage.
Robin drinks a potion.
Robin seems to speed up.
You hit Robin but do no damage. Robin hits you with a +0 spear.
Robin closely misses you.
You hit Robin. Robin closely misses you.
You barely miss Robin. Robin completely misses you.
Robin flexes a bicep menacingly.
Robin hits you with a +0 spear.
You hit Robin but do no damage. Robin hits you with a +0 spear.
You closely miss Robin. Robin hits you with a +0 spear.
* * * LOW HITPOINT WARNING * * *
Robin hits you with a +0 spear.
* * * LOW HITPOINT WARNING * * *
Robin hits you from afar with a +0 spear.
* * * LOW HITPOINT WARNING * * *
You see here a stone.
Robin closely misses you.
Unknown command.
Robin closely misses you.
You see here 2 stones.
Robin hits you from afar with a +0 spear.
* * * LOW HITPOINT WARNING * * *
Aim: Robin, wielding a +0 spear, wearing a +0 animal skin and wearing a +0 helmet (severely wounded, fast)
The flame tongue hits Robin.
Robin hits you from afar with a +0 spear.
You die...

#..##.#.##........†........#
.###..#%.###.....##........##
.##.#.#.#.##.............#..#####
###.#.#.#.##.......####...<.#...>
.#.##.#.##.#.........#..##..#....
##.##.#.##.##.....##....###.#....
....'.')+...............# #......
##.##.#.##.##....######.#####....
.#.##.#.##.#.#..@.#####...###....
.##.#.#.#.##............#.......#
.##.#.#†#.######.(g####.....g....
..##..#..## ##....####...g....
..>##.#.## #....(###........
(........# ####...##........
.........# #.#..(.)......
.........###########..###........
.................................


You could see Robin.

Vanquished Creatures
  An adder (D:2)
  2 oozes
  2 worms (D:2)
  2 giant cockroaches
  17 goblins
  6 hobgoblins
  7 kobolds
  A ball python (D:1)
  4 bats
  A frilled lizard (D:1)
  6 rats
49 creatures vanquished.

Notes
Turn   | Place    | Note
-------+----------+-------------------------------------------
     0 | D:1      | vurker the Mummy Fire Elementalist began the quest for the
                  | Orb.
     0 | D:1      | Reached XP level 1. HP: 13/13 MP: 4/4
   131 | D:1      | Reached skill level 1 in Conjurations
   258 | D:1      | Reached XP level 2. HP: 9/20 MP: 1/5
   922 | D:2      | Reached XP level 3. HP: 23/25 MP: 2/7
  1323 | D:2      | Reached skill level 1 in Fighting
  1825 | D:2      | Reached XP level 4. HP: 32/32 MP: 7/9
  1835 | D:2      | Noticed Robin
  1852 | D:2      | Slain by Robin

Levels and vault maps discovered:
D:1:      saegor_arrival_simple_b, layout_rooms
D:2:      layout_rooms, interstate_on_off, grunt_ministairs_15,
          minmay_goblin_outpost, uniq_robin

Skill      XL: |  1  2  3 |
---------------+----------+-----
Conjurations   | 1 |  1.8
Spellcasting   | 3 |  3.6
Fighting       | 1 |  1.0
Fire Magic     | 3 |  3.0
Dodging        | |  1.5
Stealth        | |  1.5

Action                   |  1- 3 |  4- 6 || total
-------------------------+-------+-------++-------
Melee: Unarmed           |     6 |       ||     6
       Dagger            |    27 |     7 ||    34
 Cast: Flame Tongue      |    73 |     9 ||    82
Armor: Robe              |     5 |     1 ||     6
Dodge: Dodged            |    42 |     8 ||    50

Table legend:
 A = Non-vault XP
 B = Vault XP
 C = Vault XP percentage of total XP
 D = Non-vault monster count
 E = Vault monster count
 F = Vault count percentage of total count
                 A         B        C        D         E       F
            +---------+---------+-------+---------+---------+-------
      Total |      78 |      28 |  26.4 |      34 |      15 |  30.6
            +---------+---------+-------+---------+---------+-------
        D:1 |      39 |       0 |   0.0 |      21 |       0 |   0.0
        D:2 |      39 |      28 |  41.8 |      13 |      15 |  53.6
            +---------+---------+-------+---------+---------+-------
